 Dungeon Crawl Stone Soup version 0.26.1-11-gd32895ea62 (webtiles) character file.

Game seed: 7353206785710107010

42 infcreate the Sneak (level 3, -3/20 HPs)
             Began as a Vampire Enchanter on Apr 25, 2021.
             Slain by an orc
             ... wielding a +0 flail
              (6 damage)
             ... on level 3 of the Dungeon.
             The game lasted 00:04:44 (1912 turns).

infcreate the Sneak (Vampire Enchanter)             Turns: 1912, Time: 00:04:44

Health: -3/20      AC:  2    Str:  7    XL:     3   Next: 33%
Magic:  6/6        EV: 13    Int: 23    God:
Gold:   110        SH:  0    Dex: 15    Spells: 3/6 levels left

rFire    . . .     SeeInvis +   a - +1 dagger
rCold    + + .     Faith    .   (no shield)
rNeg     + + +     Spirit   .   b - +0 robe
rPois    ∞         Reflect  .   (no helmet)
rElec    .         Harm     .   (no cloak)
rCorr    .         Rampage  .   (no gloves)
Will     .....                  (no boots)
Stlth    +++++.....             (no amulet)
HPRegen  0.00/turn              I - +6 ring of intelligence
MPRegen  0.10/turn              (no ring)

@: bloodless
A: fangs 3, see invisible, unbreathing
a: Bat Form, Revivify


You were on level 3 of the Dungeon.
You visited 1 branch of the dungeon, and saw 4 of its levels.

You collected 110 gold pieces.


Innate Abilities, Weirdness & Mutations

You do not regenerate when monsters are visible.
You are frail without blood (-20% HP).
You can heal yourself when you bite living creatures.
You are immune to poison.
You have razor-sharp teeth.
You have supernaturally acute eyesight. (SInv)
You can survive without breathing.


   Skills:
 + Level 0.6 Fighting
 * Level 1.7 Short Blades
 * Level 2.6 Dodging
 * Level 5.1 Stealth
 + Level 2.2 Spellcasting
 * Level 4.8 Hexes


You had 3 spell levels left.
You knew the following spells:

 Your Spells              Type           Power        Failure   Level
c - Corona                Hex            26%          1%          1
e - Ensorcelled Hibernat  Hex/Ice        26%          7%          2

Your spell library contained the following spells:

 Spells                   Type           Power        Failure   Level
 Confusing Touch          Hex            24%          4%          3
 Tukima's Dance           Hex            24%          4%          3
 Dazzling Flash           Conj/Hex       26%          14%         3

Inventory:

Hand Weapons
 a - a +1 dagger (weapon)
Armour
 b - a +0 robe (worn)
Jewellery
 I - a +6 ring of intelligence (left hand)
Scrolls
 c - a scroll of blinking
 f - a scroll of noise {unknown}
 g - a scroll of teleportation {unknown}
 i - a scroll of remove curse {unknown}
 j - a scroll of identify {@r1}
Potions
 d - a potion of mutation {unknown}
 e - a potion of haste {unknown}
 h - 2 potions of cancellation
 k - a potion of attraction {unknown}
 l - a potion of brilliance {unknown}

Dungeon Overview and Level Annotations

Branches:
Dungeon (4/15)
 Temple: D:4-7

Altars:

Annotations:
D:2 Natasha

###########
#.........#
#....oo...#
#......o@.#
#.........#
#............
#.............
#.....^...#.....
#.........##....
########### ....
...


You could see an orc wizard and 2 orcs.


Message History

You feel better.
You impale the hobgoblin!!
You kill the hobgoblin!
There is a stone staircase leading down here.
You climb downwards.
Found 23 arrows and a scroll of identify.
Found an escape hatch in the ceiling.
There is a stone staircase leading up here.
You start resting.
Magic restored.
HP restored.
There is an escape hatch in the ceiling here.
A mysterious force pulls you upwards. The hatch slams shut behind you.
A quokka, an orc and an orc wizard come into view.
The orc wizard picks up a scroll of identify.
Unknown command.
An orc comes into view. It is wielding a +0 flail.
The helpless quokka fails to defend itself.
You bite the quokka, and draw its blood!
You impale the quokka!!
You kill the quokka!
Okay, then.
The orc wizard shouts!
The orc shouts! x2
The orc closely misses you. The orc hits you with a +0 hand axe.
The orc wizard gestures at you while chanting.
The puff of flame hits you!
Ouch! That really hurt!
* * * LOW HITPOINT WARNING * * *
The orc hits you with a +0 flail.
You die...

Skill      XL: |  1  2 |
---------------+-------+-----
Stealth        | 5 |  5.1
Fighting       | |  0.6
Short Blades   | |  1.7
Dodging        | |  2.6
Spellcasting   | |  2.2
Hexes          | |  4.8

Action                   || total
-------------------------++-------
Melee: Dagger            ||    86
       Bite              ||     3
 Cast: Corona            ||    28
       Ensorcelled Hiber ||    13
 Abil: Exsanguinate      ||     1
  Use: Scroll            ||     4
 Stab: Sleeping          ||    10
Armor: Robe              ||     9
Dodge: Dodged            ||    49

Levels and vault maps discovered:
D:1:      minmay_arrival_plants_in_alcoves, layout_basic, minmay_lizard_king
D:2:      layout_basic, nrook_campfire, minmay_misc_feat_room, uniq_natasha
D:3:      layout_rooms, nicolae_overflow_crystal_walls, gammafunk_ghost_icy,
          nicolae_qazlal_style_of_elements
D:4:      layout_loops_cross, nicolae_overflow_hidden_temple,
          lemuel_zombie_altar_yredelemnul, serial_bayou_pond_a,
          hangedman_abyss_or_decor_jellyfish_corner, makhleb_altar_promises_db

Notes
Turn   | Place    | Note
-------+----------+-------------------------------------------
     0 | D:1      | infcreate the Vampire Enchanter began the quest for the
                  | Orb.
     0 | D:1      | Reached XP level 1. HP: 13/13 MP: 3/3
   151 | D:1      | Reached XP level 2. HP: 8/15 MP: 1/5
   154 | D:1      | Learned a level 2 spell: Ensorcelled Hibernation
  1145 | D:1      | Reached skill level 5 in Stealth
  1145 | D:1      | Reached XP level 3. HP: 20/20 MP: 1/6
  1750 | D:2      | Noticed Natasha
  1912 | D:3      | Slain by an orc

Vanquished Creatures
  An ooze (D:1)
  A dart slug (D:1)
  2 leopard geckos (D:1)
  4 goblins (D:1)
  4 hobgoblins
  2 jackals (D:2)
  2 kobolds (D:1)
  2 quokkas
  A ball python (D:1)
  3 bats (D:1)
  9 frilled lizards
  2 rats (D:1)
33 creatures vanquished.

Vanquished Creatures (others)
  4 fungi (D:1)
  10 plants (D:1)
14 creatures vanquished.

Grand Total: 47 creatures vanquished

Table legend: (Time is in decaauts)
 A = Elapsed time spent in this place.
 B = Non-inter-level travel time spent in this place.
 C = Inter-level travel time spent in this place.
 D = Time resting spent in this place.
 E = Time spent auto-exploring this place.
 F = Levels seen in this place.
 G = Mean time per level.
                   A        B        C        D        E       F      G
               +--------+--------+--------+--------+--------+-----+--------+
         Total |   1905 |   1867 |     38 |    198 |   1343 |   4 |  476.2 |
       Dungeon |   1905 |   1867 |     38 |    198 |   1343 |   4 |  476.2 |
               +--------+--------+--------+--------+--------+-----+--------+

Top non-repeatable levels by time:
     D:1: 1359 daAuts
     D:2: 388 daAuts
     D:4: 132 daAuts
     D:3: 25 daAuts

Table legend:
 A = Non-vault XP
 B = Vault XP
 C = Vault XP percentage of total XP
 D = Non-vault monster count
 E = Vault monster count
 F = Vault count percentage of total count
                 A         B        C        D         E       F
            +---------+---------+-------+---------+---------+-------
      Total |      49 |      11 |  18.3 |      24 |       9 |  27.3
            +---------+---------+-------+---------+---------+-------
        D:1 |      38 |      11 |  22.4 |      18 |       9 |  33.3
        D:2 |       7 |       0 |   0.0 |       4 |       0 |   0.0
        D:3 |       4 |       0 |   0.0 |       2 |       0 |   0.0
            +---------+---------+-------+---------+---------+-------
